Map: Dusk Towers

Players

MorN

  • Race: Terran Terran
  • League: Master

Apocalypse - Winner!

  • Race: Protoss Protoss
  • League: Master

VOD

Have the link to the VOD?

Description

Time

  • Played on: Dec. 6, 2015, 6:50 p.m.
  • Length: 9:22
Show
View Real Time Build Order
Export as new Build Order

MorN Terran 

Build Orders: Reaper Expand, MMM Bio 

Get SALT Encoding   

  12  0:00  SCV  
  13  0:13  SCV  
  14  0:17  Supply Depot  
  14  0:25  SCV  
  15  0:39  SCV  
  15  0:40  Barracks  
  16  0:46  Refinery  
  16  0:52  SCV  
  18  1:04  SCV  
  18  1:16  SCV  
  19  1:29  Orbital Command  
  19  1:31  Reaper  
  20  1:41  Command Center  
  20  1:56  SCV, Supply Depot  
  21  2:05  Barracks  
  21  2:09  SCV  
  21  2:11  Barracks Reactor  
  22  2:22  Barracks  
  22  2:25  SCV  
  23  2:37  SCV  
  24  2:46  Factory  
  24  2:48  Refinery  
  24  2:49  SCV  
  24  2:50  Marine x2  
  27  2:51  Barracks Tech Lab  
  27  2:57  Orbital Command  
  27  3:01  SCV  
  28  3:10  Marine x2  
  28  3:11  Marine  
  31  3:13  SCV  
  31  3:18  Stimpack, Marine  
  33  3:25  SCV  
  33  3:26  SCV  
  35  3:36  Starport  
  35  3:37  SCV  
  36  3:42  Marine x3  
  36  3:45  Supply Depot  
  36  3:46  SCV  
  40  3:49  SCV  
  40  3:50  Marine  
  40  3:52  Factory Reactor  
  42  3:57  Supply Depot  
  42  3:58  SCV  
  42  4:00  Marine  
  42  4:01  SCV, Marine  
  46  4:06  Marine  
  46  4:09  Refinery, Marine  
  48  4:10  SCV  
  50  4:17  SCV  
  50  4:22  SCV  
  51  4:30  SCV  
  51  4:31  Marine x4  
  52  4:34  Medivac  
  52  4:35  SCV, Factory Reactor, Medivac  
  61  4:40  Supply Depot  
  61  4:46  SCV  
  61  4:50  Supply Depot  
  62  4:56  Command Center  
  62  5:02  Marine  
  56  5:18  Marine x2  
  56  5:19  Marauder, Widow Mine x2  
  64  5:28  Medivac x2  
  67  5:40  Marauder  
  65  5:47  Widow Mine  
  65  5:48  Widow Mine  
  65  5:50  Marine  
  65  5:52  Marine x2  
  61  5:57  SCV x2  
  61  6:02  Marauder  
  58  6:07  Marine  
  58  6:10  Marine  
  60  6:12  Combat Shields  
  60  6:13  Barracks Tech Lab  
  57  6:23  Marauder  
  53  6:25  Marine  
  53  6:27  Marine  
  55  6:35  Marine  
  55  6:38  Orbital Command  
  54  6:44  Marine  
  54  6:45  Marine  
  46  6:49  SCV x2  
  46  6:53  Marauder  
  48  7:04  SCV  
  45  7:20  SCV x2, Marine  
  45  7:22  Orbital Command  
  48  7:29  Marine x2  
  50  7:33  SCV x2  
  52  7:45  SCV x2  
  58  7:51  Marauder x2  
  58  7:57  SCV x2  
  60  8:09  SCV x2  
  60  8:10  Medivac  
  64  8:14  SCV  
  64  8:19  Engineering Bay  
  65  8:20  Engineering Bay  
  65  8:21  SCV x2  
  65  8:26  SCV, Marine  
  65  8:27  Marine  
  68  8:33  SCV x2  
  72  8:38  SCV  
  73  8:45  SCV  
  73  8:47  Marauder, Marine x2  
  72  8:55  Marine  
  67  9:05  Barracks  
  67  9:06  SCV  
  67  9:08  Refinery, Barracks  
  67  9:09  Refinery  
Show
View Real Time Build Order
Export as new Build Order

Apocalypse Protoss - Winner!

Build Orders: 1 Gate Expand 

Get SALT Encoding   

  12  0:01  Probe (Chrono Boost)  
  13  0:11  Probe (Chrono Boost)  
  14  0:18  Pylon  
  14  0:22  Probe (Chrono Boost)  
  15  0:36  Probe (Chrono Boost)  
  15  0:37  Gateway  
  15  0:42  Assimilator  
  16  0:47  Probe (Chrono Boost)  
  17  0:57  Probe (Chrono Boost)  
  18  1:08  Probe (Chrono Boost)  
  19  1:19  Probe (Chrono Boost)  
  20  1:26  Nexus  
  20  1:29  Probe (Chrono Boost)  
  21  1:37  Cybernetics Core  
  21  1:41  Probe (Chrono Boost)  
  22  1:49  Pylon  
  22  1:54  Assimilator  
  22  1:55  Probe (Chrono Boost)  
  23  2:07  Probe (Chrono Boost)  
  24  2:15  Adept, Warp Gate  
  26  2:18  Mothership Core (Chrono Boost)  
  28  2:36  Probe (Chrono Boost)  
  29  2:41  Probe (Chrono Boost)  
  30  2:46  Probe (Chrono Boost)  
  32  2:51  Probe (Chrono Boost)  
  32  2:56  Forge  
  32  2:57  Probe (Chrono Boost)  
  32  2:58  Robotics Facility  
  33  3:02  Probe (Chrono Boost)  
  33  3:05  Adept  
  36  3:08  Probe (Chrono Boost)  
  36  3:12  Probe (Chrono Boost)  
  38  3:18  Probe (Chrono Boost)  
  39  3:23  Probe (Chrono Boost)  
  39  3:26  Protoss Ground Armor Level 1 (Chrono Boost)  
  40  3:32  Gateway  
  40  3:34  Gateway  
  40  3:35  Adept  
  40  3:39  Probe  
  40  3:40  Probe  
  44  3:43  Pylon  
  44  3:50  Warp Prism (Chrono Boost)  
  46  4:01  Probe x2  
  48  4:03  Twilight Council  
  48  4:15  Probe x2  
  50  4:19  Pylon  
  50  4:22  Observer (Chrono Boost)  
  50  4:23  Adept  
  53  4:33  Probe  
  53  4:35  Assimilator  
  53  4:37  Probe, Pylon  
  55  4:41  Sentry, Pylon, Assimilator  
  55  4:42  Adept  
  59  4:48  Adept  
  59  4:51  Immortal (Chrono Boost)  
  61  4:53  Resonating Glaives (Chrono Boost), Pylon  
  63  5:09  Adept x3  
  63  5:11  Probe  
  68  5:19  Probe  
  69  5:23  Probe, Protoss Ground Armor Level 2  
  70  5:45  Stalker x3  
  76  5:54  Probe x2  
  74  6:13  Nexus  
  74  6:14  Pylon  
  74  6:16  Adept x3  
  76  6:33  Probe x2  
  76  6:37  Blink (Chrono Boost)  
  78  6:41  Stalker  
  78  6:42  Stalker x2  
  78  6:45  Probe  
  85  6:52  Pylon  
  85  6:54  Pylon  
  85  6:58  Gateway, Probe x2  
  85  7:00  Gateway  
  87  7:02  Gateway  
  87  7:15  Immortal  
  85  7:17  Stalker x3  
  87  7:23  Probe  
  87  7:25  Probe x2  
  90  7:34  Probe  
  91  7:37  Probe  
  91  7:39  Pylon x2  
  91  7:42  Sentry x2  
  96  7:50  Sentry  
  97  7:56  Pylon  
  97  7:59  Photon Cannon x2  
  97  8:06  Photon Cannon  
  97  8:10  Photon Cannon  
  97  8:11  Probe  
  97  8:12  Probe x2  
  100  8:13  Sentry x2  
  100  8:14  Sentry, Warp Prism  
  108  8:37  Adept x2  
  108  8:39  Adept x3  
  111  8:48  Probe  
  111  8:49  Probe  
  111  8:51  Assimilator  
  113  8:55  Adept  
  113  8:57  Assimilator  
  113  9:06  Stalker  
  111  9:21  Stalker  
Tags
 
Add a new tag
Caveats
  • Supply blocks, unpowered buildings, or Contaminate may cause inaccurate times.
  • Supply counts are checked every 10 seconds.